 Dungeon Crawl Stone Soup version 0.24-a0-524-gf43b32f898 (webtiles) character file.

Game seed: 3021450202199570698

383 Carillon the Covert (level 6, -1/32 HPs)
             Began as a Vampire Enchanter on July 31, 2019.
             Was an Initiate of Ashenzari.
             Slain by a worm (7 damage)
             ... on level 4 of the Dungeon.
             The game lasted 00:20:46 (4154 turns).

Carillon the Covert (Vampire Enchanter)             Turns: 4154, Time: 00:20:46

Health: -1/32      AC:  3    Str:  9    XL:     6   Next: 47%
Magic:  9/9        EV: 13    Int: 17    God:    Ashenzari [......]
Gold:   223        SH:  0    Dex: 15    Spells: 1/9 levels left

rFire    . . .     SeeInvis +   a - +0 dagger (venom)
rCold    + + .     Gourm    .   (no shield)
rNeg     + + +     Faith    .   b - +0 robe
rPois    ∞         Spirit   .   (no helmet)
rElec    .         Reflect  .   (no cloak)
rCorr    .         Harm     .   m - +0 pair of gloves
MR       .....                  (no boots)
Stlth    +++++++...             (no amulet)
HPRegen  0.00/turn              c - ring of stealth
MPRegen  0.11/turn              (no ring)

@: bloodless, regenerating quickly
A: no food, fangs 3, see invisible, unbreathing
a: Bat Form, Revivify, Curse Item, Renounce Religion


You were on level 4 of the Dungeon.
You worshipped Ashenzari.
Ashenzari was noncommittal.
You were bloodless.

You visited 2 branches of the dungeon, and saw 5 of its levels.

You collected 223 gold pieces.

Inventory:

Hand Weapons
 a - a +0 dagger of venom (weapon)
Missiles
 r - 3 poisoned darts (quivered)
Armour
 b - a +0 robe (worn)
 m - a +0 pair of gloves (worn)
Jewellery
 c - a ring of stealth (left hand)
Scrolls
 d - a scroll of amnesia
 e - 2 scrolls of enchant armour {unknown}
 f - 3 scrolls of teleportation {unknown}
 g - a scroll of fear {unknown}
 i - a scroll of blinking {unknown}
 k - a scroll of identify
 p - 2 scrolls of remove curse
Potions
 n - a potion of might
 o - a potion of brilliance
 q - a potion of haste


   Skills:
 - Level 5.3 Short Blades
 - Level 2.1 Dodging
 - Level 8.1 Stealth
 * Level 2.1 Spellcasting
 + Level 4.4 Hexes
 - Level 1.0 Ice Magic


You had one spell level left.
You knew the following spells:

 Your Spells              Type           Power        Failure   Level  Hunger
a - Tukima's Dance        Hex            ###.....     9%          3    N/A
b - Ensorcelled Hibernat  Hex/Ice        ##....       10%         2    N/A
c - Confuse               Hex            ###.....     9%          3    N/A

Your spell library contained the following spells:

 Spells                   Type           Power        Failure   Level  Hunger
 Confusing Touch          Hex            ###...       3%          1    N/A
 Corona                   Hex            ###....      3%          1    N/A
 Dazzling Spray           Conj/Hex       #.....       22%         3    N/A
 Gell's Gravitas          Tloc           #.........   50%         3    N/A
 Metabolic Englaciation   Hex/Ice        ##........   86%         5    N/A
 Petrify                  Tmut/Erth      #.......     88%         4    N/A
 Yara's Violent Unravell  Hex/Tmut       #.........   91%         5    N/A

Dungeon Overview and Level Annotations

Branches:
Dungeon (4/15)             Temple (1/1) D:4

Altars:
Ashenzari
Cheibriados
Elyvilon
Fedhas
Gozag
Kikubaaqudgha
Nemelex Xobeh
Okawaru
Trog
Uskayaw
Wu Jian
Yredelemnul


Innate Abilities, Weirdness & Mutations

You do not eat.
You do not regenerate when monsters are visible.
You are frail without blood (-20% HP).
You are immune to poison.
You have razor-sharp teeth.
You have supernaturally acute eyesight. (SInv)
You can survive without breathing.


Message History

The worm is lightly wounded.
The worm bites you.
You hit the worm.
The worm looks as sick as possible!
The worm is lightly wounded.
You hit the worm but do no damage.
The worm looks as sick as possible!
The worm is lightly wounded.
The worm bites you.
You hit the worm but do no damage.
The worm looks as sick as possible!
The worm is lightly wounded.
The worm barely misses you.
You hit the worm.
The worm looks as sick as possible!
The worm is lightly wounded.
You hit the worm.
The worm looks as sick as possible!
The worm is moderately wounded.
The worm bites you!
* * * LOW HITPOINT WARNING * * *
You hit the worm but do no damage.
The worm is heavily wounded.
The worm bites you!
You die...

# # ### #####..
##.#...# #.......
###### #.......
#....### #.......
#@##...## ####....
####w####..## #......
##...w...##..#####....
##.........##..........
#...........###........
#....###....##.<.#.....
#...##y##...#..###.....
#....###....#....#.....
##.........##.......##.


You could see a moth of wrath and 2 worms.

Vanquished Creatures
  A bullfrog (D:4)
  A scorpion (D:4)
  2 hounds (D:4)
  A centaur skeleton (D:4)
  A worker ant (D:4)
  A hound skeleton (D:4)
  4 adders
  An adder skeleton (D:4)
  3 worms
  2 dart slugs
  3 leopard geckos
  7 orcs (D:3)
  8 bats
  10 goblins
  11 hobgoblins
  7 jackals
  A ball python (D:2)
  3 frilled lizards
  8 kobolds
  9 rats
84 creatures vanquished.

Notes
Turn   | Place    | Note
-------+----------+-------------------------------------------
     0 | D:1      | Carillon the Vampire Enchanter began the quest for the Orb.
     0 | D:1      | Reached XP level 1. HP: 13/13 MP: 3/3
   532 | D:1      | Reached XP level 2. HP: 19/19 MP: 5/5
   536 | D:1      | Learned a level 2 spell: Ensorcelled Hibernation
   741 | D:1      | Reached skill level 5 in Stealth
   741 | D:1      | Reached skill level 1 in Ice Magic
   962 | D:2      | Reached XP level 3. HP: 24/24 MP: 3/6
  1009 | D:2      | Learned a level 3 spell: Confuse
  1218 | D:2      | Found a blossoming altar of Fedhas.
  1222 | D:2      | Found an iron altar of Okawaru.
  1935 | D:2      | Found a basalt altar of Yredelemnul.
  2227 | D:3      | Reached XP level 4. HP: 24/24 MP: 4/7
  2910 | D:3      | Found a white marble altar of Elyvilon.
  3205 | D:4      | Reached skill level 6 in Stealth
  3205 | D:4      | Reached XP level 5. HP: 28/28 MP: 8/8
  3299 | D:3      | Learned a level 3 spell: Tukima's Dance
  3511 | D:4      | Reached skill level 5 in Short Blades
  3511 | D:4      | Reached XP level 6. HP: 30/32 MP: 6/9
  3521 | D:4      | Reached skill level 7 in Stealth
  3887 | D:4      | Reached skill level 8 in Stealth
  3899 | D:4      | Found a staircase to the Ecumenical Temple.
  3963 | Temple   | Entered the Ecumenical Temple
  3996 | Temple   | Became a worshipper of Ashenzari the Shackled
  4124 | D:4      | Noticed a moth of wrath
  4126 | D:4      | Found a bloodstained altar of Trog.
  4154 | D:4      | Slain by a worm

Levels and vault maps discovered:
D:1:      psy_arrival_statuary, layout_basic
D:2:      layout_loops_ring, grunt_temple_overflow_open, first_ration,
          yredelemnul_altar_generic
D:3:      layout_loops_ring, lemuel_coloured_pillars_altar, grunt_ministairs_14
D:4:      layout_cave_pools, kennysheep_mini_moat, tgw_trog, old_standard_altar,
          minmay_temple_entry_drinking_statues
Temple:   compressed_dpeg_triangle_lava_temple

Skill      XL: |  1  2  3  4  5  6 |
---------------+-------------------+-----
Short Blades   | 2 3 4 5 |  5.3
Stealth        | 5 6 8 |  8.1
Ice Magic      | 1 |  1.0
Dodging        | |  2.1
Spellcasting   | |  2.1
Hexes          | |  4.4

Action                   |  1- 3 |  4- 6 || total
-------------------------+-------+-------++-------
Melee: Dagger            |   150 |   114 ||   264
       Bite              |     5 |    10 ||    15
 Cast: Ensorcelled Hiber |     7 |    20 ||    27
       Confuse           |       |     3 ||     3
 Abil: Exsanguinate      |     1 |       ||     1
  Use: Scroll            |     2 |     1 ||     3
       Potion            |       |     7 ||     7
 Stab: Sleeping          |    20 |    22 ||    42
       Distracted        |       |     1 ||     1
       Confused          |       |     1 ||     1
Armor: Robe              |    29 |    13 ||    42
Dodge: Dodged            |    86 |    65 ||   151

Table legend:
 A = Non-vault XP
 B = Vault XP
 C = Vault XP percentage of total XP
 D = Non-vault monster count
 E = Vault monster count
 F = Vault count percentage of total count
                 A         B        C        D         E       F
            +---------+---------+-------+---------+---------+-------
      Total |     537 |      11 |   2.0 |      80 |       4 |   4.8
            +---------+---------+-------+---------+---------+-------
        D:1 |      39 |       0 |   0.0 |      23 |       0 |   0.0
        D:2 |      42 |       0 |   0.0 |      17 |       0 |   0.0
        D:3 |      76 |       5 |   6.2 |      24 |       2 |   7.7
        D:4 |     380 |       6 |   1.6 |      16 |       2 |  11.1
            +---------+---------+-------+---------+---------+-------
